 Dungeon Crawl Stone Soup version 0.26-a0-1139-g7d2dc893a1 (webtiles) character file.

Game seed: 16014510970465335264

109 night the Insei (level 4, -1/35 HPs)
             Began as a Demonspawn Gladiator on Dec 21, 2020.
             Slain by Robin
             ... wielding a +1 falchion of electrocution
              (14 damage)
             ... on level 3 of the Dungeon.
             The game lasted 00:03:21 (2312 turns).

night the Insei (Demonspawn Gladiator)              Turns: 2312, Time: 00:03:22

Health: -1/35      AC: 10    Str: 14    XL:     4   Next: 60%
Magic:  4/4        EV:  4    Int: 11    God:
Gold:   82         SH:  0    Dex: 14    Spells: 3/3 levels left

rFire    . . .     SeeInvis .     - Unarmed
rCold    . . .     Faith    .   (no shield)
rNeg     . . .     Spirit   .   u - +0 plate armour
rPois    .         Reflect  .   (helmet restricted)
rElec    .         Harm     .   (no cloak)
rCorr    +         Rampage  .   (no gloves)
Will     .....                  (no boots)
Stlth    ..........             (no amulet)
HPRegen  0.11/turn              r - ring of resist corrosion
MPRegen  0.09/turn              (no ring)

@: no status effects
A: horns 2
a: no special abilities


You were on level 3 of the Dungeon.
You visited 1 branch of the dungeon, and saw 3 of its levels.

You collected 82 gold pieces.

Inventory:

Missiles
 c - 3 throwing nets (quivered)
 e - 2 javelins
 f - 27 stones
 l - 34 arrows
 o - 17 bolts
 s - 3 boomerangs
 v - 23 sling bullets
Armour
 a - a +0 leather armour
 b - a +0 helmet
 j - a +0 ring mail
 u - a +0 plate armour (worn)
Jewellery
 r - a ring of resist corrosion (left hand)
Scrolls
 d - 2 scrolls of identify {unknown}
 g - a scroll of random uselessness {unknown}
 h - 3 scrolls of remove curse {unknown}
 k - a scroll of enchant armour {unknown}
 m - a scroll of immolation {unknown}
 q - a scroll of enchant weapon {unknown}
Potions
 i - a potion of invisibility {unknown}
 n - a potion of brilliance {unknown}
 p - 2 potions of curing {unknown}
 t - a potion of heal wounds {unknown}


   Skills:
 + Level 3.4 Fighting
 - Level 1.7 Throwing
 - Level 2.6 Dodging
 * Level 4.2 Unarmed Combat


You had 3 spell levels left.
You didn't know any spells.
Your spell library was empty.

Dungeon Overview and Level Annotations

Branches:
Dungeon (3/15)

Altars:

Annotations:
D:3 Robin


Innate Abilities, Weirdness & Mutations

You have a pair of horns on your head.


Message History

Robin roars a battlecry!
You hear a shout! x2
A goblin and a hobgoblin come into view.
The goblin shouts!
The hobgoblin shouts!
A goblin comes into view. It is wielding a +0 club.
An orc comes into view. It is wielding a +0 club.
A goblin comes into view. It is wielding a +0 club.
Robin hits you with a +1 falchion of electrocution.
Items here: ( )))) ††.
You closely miss Robin.
The goblin unwields a +0 club.
The goblin wields a +0 hunting sling.
The goblin shoots a stone.
The stone hits you but does no damage. Robin hits you but does no damage.
Items here: ( ))))) [ †††††.
Robin hits you but does no damage.
You hit Robin but do no damage. You hit Robin.
Robin is moderately wounded.
Robin hits you with a +1 falchion of electrocution.
You are electrocuted!
You die...

# #. .#+### ....
####..#### ........#
##############..##.#
......gg@(.......#.#
######g#######†#...#
#. ###.### #g
####'### .g #......#
### g. #......# ##.#
♣.. #......# #...
♣.. ####..####...
#..# #..#.


You could see Robin and 2 goblins.

Vanquished Creatures
  An orc priest (D:3)
  An adder (D:3)
  An ooze (D:2)
  A worm (D:2)
  4 dart slugs
  3 leopard geckos
  An orc (D:3)
  3 ball pythons
  5 bats
  3 giant cockroaches
  8 goblins
  4 hobgoblins
  3 jackals (D:2)
  3 frilled lizards
  3 kobolds
  7 rats
51 creatures vanquished.

Notes
Turn   | Place    | Note
-------+----------+-------------------------------------------
     0 | D:1      | night the Demonspawn Gladiator began the quest for the Orb.
     0 | D:1      | Reached XP level 1. HP: 16/16 MP: 1/1
   403 | D:1      | Reached skill level 3 in Unarmed Combat
   564 | D:1      | Gained mutation: You have a pair of small horns on your
                  | head. [demonic ancestry]
   564 | D:1      | Reached XP level 2. HP: 20/23 MP: 2/2
  1328 | D:2      | Gained mutation: You have a pair of horns on your head.
                  | [demonic ancestry]
  1328 | D:2      | Reached XP level 3. HP: 28/28 MP: 3/3
  2132 | D:3      | Reached XP level 4. HP: 29/35 MP: 4/4
  2283 | D:3      | Reached skill level 4 in Unarmed Combat
  2301 | D:3      | Noticed Robin
  2312 | D:3      | Slain by Robin

Illustrated notes

Levels and vault maps discovered:
D:1:      minmay_arrival_doors, layout_basic
D:2:      layout_rooms, serial_curves, eino_curves_02, eino_curves_04
D:3:      minmay_wonky_spiral, layout_basic, serial_curves, eino_curves_03,
          eino_curves_03, uniq_grinder, uniq_crazy_yiuf_cottage, uniq_robin,
          uniq_terence

Skill      XL: |  1  2  3  4 |
---------------+-------------+-----
Unarmed Combat | 3 4 |  4.2
Fighting       | 3 |  3.4
Throwing       | |  1.7
Dodging        | |  2.6

Action                   |  1- 3 |  4- 6 || total
-------------------------+-------+-------++-------
Melee: Unarmed           |   134 |    39 ||   173
       Headbutt          |    17 |     8 ||    25
       Punch             |     1 |       ||     1
Armor: Leather armour    |    14 |       ||    14
       Ring mail         |    19 |       ||    19
       Plate armour      |    14 |    21 ||    35
Dodge: Dodged            |    67 |     3 ||    70

Table legend: (Time is in decaauts)
 A = Elapsed time spent in this place.
 B = Non-inter-level travel time spent in this place.
 C = Inter-level travel time spent in this place.
 D = Time resting spent in this place.
 E = Time spent auto-exploring this place.
 F = Levels seen in this place.
 G = Mean time per level.
                   A        B        C        D        E       F      G
               +--------+--------+--------+--------+--------+-----+--------+
         Total |   2300 |   2164 |    136 |    132 |   1705 |   3 |  766.7 |
       Dungeon |   2300 |   2164 |    136 |    132 |   1705 |   3 |  766.7 |
               +--------+--------+--------+--------+--------+-----+--------+

Top non-repeatable levels by time:
     D:1: 979 daAuts
     D:2: 813 daAuts
     D:3: 506 daAuts
